 Dungeon Crawl Stone Soup version 0.24-a0-106-gcea5463 (console) character file.

Game seed: 13142838944123248019

909 Duffy the Caller (level 8, 62/62 HPs)
             Began as a Naga Summoner on Feb 13, 2019.
             Quit the game on level 4 of the Dungeon.
             The game lasted 00:10:09 (4954 turns).

Duffy the Caller (Naga Summoner)                    Turns: 4954, Time: 00:10:10

Health: 62/62      AC: 12    Str: 11    XL:     8   Next: 8%
Magic:  15/15      EV:  9    Int: 18    God:
Gold:   181        SH:  0    Dex: 13    Spells: 3/16 levels left

rFire    . . .     SeeInvis +   b - +1 halberd (freeze)
rCold    + . .     Gourm    .   (shield currently unavailable)
rNeg     . . .     Faith    .   v - +3 leather armour
rPois    +         Spirit   .   (no helmet)
rElec    .         Reflect  .   (no cloak)
rCorr    .         Harm     .   (no gloves)
MR       +....                  (no barding)
Stlth    ++........             (no amulet)
HPRegen  0.20/turn              n - +4 ring of protection
MPRegen  0.14/turn              l - +5 ring of slaying

@: very slow
A: large, thin skeletal structure 1, see invisible, cold resistance 1, deformed
body, poison resistance, shaggy fur 1, slowness 2, slow metabolism 1, spit
poison 1, AC +2
a: Spit Poison


You were on level 4 of the Dungeon.
You were not hungry.

You visited 1 branch of the dungeon, and saw 4 of its levels.
You also visited: Ossuary.

You collected 181 gold pieces.

Inventory:

Hand Weapons
 b - a +1 halberd of freezing (weapon)
 r - a +1 trident of flaming
 t - a +0 blowgun
Armour
 v - a +3 leather armour (worn)
Jewellery
 l - a +5 ring of slaying (right hand)
 n - a +4 ring of protection (left hand)
 z - an uncursed ring of protection from fire {unknown}
Wands
 a - a wand of paralysis (11)
 s - a wand of flame (8)
Scrolls
 f - 2 scrolls of amnesia
 i - 2 scrolls of blinking
 p - 4 scrolls of remove curse
 q - 2 scrolls of teleportation
 w - a scroll of fog
Potions
 d - 5 potions of curing
 e - 2 potions of lignification
 g - 4 potions of might
 h - 2 potions of berserk rage
 j - 3 potions of haste {unknown}
 k - a potion of flight {unknown}
 m - 2 potions of heal wounds
 o - a potion of degeneration {unknown}
 u - 2 potions of cancellation {unknown}
 x - a potion of resistance {unknown}
Comestibles
 c - 3 rations


   Skills:
 + Level 3.0 Polearms
 - Level 1.5 Dodging
 - Level 3.0 Stealth
 + Level 4.8 Spellcasting
 + Level 6.3 Summonings
 + Level 3.5 Air Magic
 - Level 3.0 Poison Magic


You had 3 spell levels left.
You knew the following spells:

 Your Spells              Type           Power        Failure   Level  Hunger
h - Call Canine Familiar  Summ           ####....     4%          3    ###....
j - Summon Lightning Spi  Summ/Air       ###.....     24%         4    ####...
l - Conjure Flame         Conj/Fire      #.......     47%         3    ###....
o - Mephitic Cloud        Conj/Pois/Air  ##......     22%         3    ###....

Your spell library contained the following spells:

 Spells                   Type           Power        Failure   Level  Hunger
 Summon Small Mammal      Summ           ####         1%          1    None
 Call Imp                 Summ           ####....     1%          2    #......
 Summon Guardian Golem    Hex/Summ       ###.....     14%         3    ###....
 Magic Dart               Conj           #...         19%         1    None
 Blink                    Tloc           N/A          26%         2    #......
 Slow                     Hex            #.......     26%         2    #......
 Summon Ice Beast         Ice/Summ       ###.....     43%         4    ####...


Dungeon Overview and Level Annotations

Branches:
Dungeon (4/15)
 Temple: D:4-7

Altars:
Xom

Annotations:
D:3 Grinder


Innate Abilities, Weirdness & Mutations

You cannot wear boots.
Your serpentine skin is tough. (AC +2)
You have supernaturally acute eyesight. (SInv)
Armour fits poorly on your strangely shaped body.
Your system is resistant to poisons. (rPois)
You cover ground very slowly.
You have a slow metabolism.
You can spit poison.
You have a somewhat thin skeletal structure. (Dex +2, Stealth)
Your flesh is cold resistant. (rC+)
You are covered in fur. (AC +1)


Message History

There is an open door here.
There is a gate leading back out of this place here.
Welcome back to the Dungeon!
There is a collapsed entrance here.
As you read the scroll labeled ZUFIGO NAXT, it crumbles to dust.
It is a scroll of brand weapon.
Your +1 trident is engulfed in flames!
r - a +1 trident of flaming (weapon)
As you read the scroll labeled QOZUTZ ZUWNOCK, it crumbles to dust.
This is a scroll of acquirement! [a] Weapon [b] Armour [c] Jewellery [d] Book [e] Staff [f] Evocable [g] Food [h] Gold (you have $181)
What kind of item would you like to acquire? [\] known items Something appears before you!
b - a runed halberd Wield which item (- for none, * to show all)? (? for menu, Esc to quit)
Your +1 trident of flaming stops flaming.
Your +1 halberd of freezing glows with a cold blue light!
b - a +1 halberd of freezing (weapon)
Are you sure you want to abandon this character and quit the game? (Confirm with "yes".)

')~~....###### #######
#~~.....# #~~.....#
#~......# ###### ##
#######.# ...... ..
######.#######..#.g#####.#
................###.......#
############...##.#'...# #
#..##.@.##..# #
##..##.##...# ##..###....#
##..#....## ##.....##
#######


There were no monsters in sight!

Vanquished Creatures
  6 scorpions
  A centaur zombie (Ossuary)
  A human zombie (Ossuary)
  A worker ant (D:4)
  2 mummies (Ossuary)
  3 adders
  2 scorpion zombies (Ossuary)
  An ooze (D:3)
  A worm (D:3)
  2 dart slugs (D:2)
  A leopard gecko (D:2)
  4 orcs
  A bat (D:1)
  A giant cockroach (D:3)
  3 goblins
  5 hobgoblins
  4 jackals (D:3)
  A quokka (D:3)
  A gnoll zombie (Ossuary)
  2 hobgoblin zombies (Ossuary)
  4 kobolds
  2 kobold zombies (Ossuary)
  An orc zombie (Ossuary)
50 creatures vanquished.

Vanquished Creatures (collateral kills)
  Edmund (D:4)
  3 scorpions (Ossuary)
  A howler monkey (D:2)
  A human zombie (Ossuary)
  Jessica (D:2)
  A worker ant (D:4)
  Natasha (thrice) (D:2)
  A big kobold zombie (Ossuary)
  A mummy (Ossuary)
  4 adders
  5 orcs
  A bat (D:2)
  A gnoll zombie (Ossuary)
  2 goblins
  2 hobgoblins (D:3)
  2 quokkas (D:2)
  A frilled lizard (D:1)
  A goblin zombie (Ossuary)
  2 hobgoblin zombies (Ossuary)
  3 kobolds
  3 kobold zombies (Ossuary)
  A rat (D:1)
41 creatures vanquished.

Grand Total: 91 creatures vanquished

Notes
Turn   | Place    | Note
-------+----------+-------------------------------------------
     0 | D:1      | Duffy the Naga Summoner began the quest for the Orb.
     0 | D:1      | Reached XP level 1. HP: 15/15 MP: 3/3
   342 | D:1      | Found a shimmering altar of Xom.
   344 | D:1      | Found a radiant altar of Vehumet.
   344 | D:1      | Found a sacrificial altar of Ru.
   346 | D:1      | Found a shattered altar of Ashenzari.
   346 | D:1      | Found an ornate altar of the Wu Jian Council.
   346 | D:1      | Found a hide-covered altar of Uskayaw.
   773 | D:2      | Noticed a howler monkey
   782 | D:2      | Killed a howler monkey
   782 | D:2      | Reached XP level 2. HP: 19/22 MP: 0/5
   782 | D:2      | Reached XP level 3. HP: 25/28 MP: 0/7
   796 | D:2      | Reached XP level 4. HP: 9/36 MP: 1/8
  1053 | D:2      | Noticed Natasha
  1057 | D:2      | Noticed Jessica
  1059 | D:2      | Killed Natasha
  1067 | D:2      | Killed Jessica
  1067 | D:2      | Reached skill level 5 in Summonings
  1101 | D:2      | Noticed Natasha
  1362 | D:2      | Learned a level 3 spell: Call Canine Familiar
  1367 | D:2      | Learned a level 4 spell: Summon Lightning Spire
  1774 | D:2      | Killed Natasha
  1774 | D:2      | Reached XP level 5. HP: 16/42 MP: 5/10
  2060 | D:2      | Learned a level 3 spell: Mephitic Cloud
  2335 | D:2      | Noticed Natasha
  2349 | D:2      | Killed Natasha
  2349 | D:2      | Reached skill level 1 in Air Magic
  2649 | D:3      | Reached skill level 1 in Poison Magic
  3330 | D:3      | Noticed Grinder
  3806 | D:4      | Gained mutation: You are covered in fur. (AC +1) [potion of
                  | mutation]
  3806 | D:4      | Gained mutation: You have a somewhat thin skeletal
                  | structure. (Dex +2, Stealth) [potion of mutation]
  3806 | D:4      | Gained mutation: Your flesh is cold resistant. (rC+)
                  | [potion of mutation]
  3806 | D:4      | Noticed Edmund
  3833 | D:4      | Killed Edmund
  3833 | D:4      | Reached skill level 1 in Polearms
  3833 | D:4      | Reached XP level 6. HP: 48/49 MP: 5/12
  4201 | D:4      | Found a sand-covered staircase.
  4206 | Ossuary  | Entered an ossuary
  4214 | Ossuary  | Learned a level 3 spell: Conjure Flame
  4258 | Ossuary  | Reached XP level 7. HP: 53/55 MP: 13/13
  4627 | Ossuary  | Reached skill level 6 in Summonings
  4832 | Ossuary  | Reached XP level 8. HP: 49/62 MP: 6/15
  4951 | D:4      | Identified a scroll of acquirement
  4954 | D:4      | Quit the game

Levels and vault maps discovered:
D:1:      noname_arrival_rooms_in_the_neighbourhood, layout_basic,
          doesnt_xom_only_xom
D:2:      layout_loops_ring, uniq_jessica, uniq_natasha
D:3:      layout_loops_ring, uniq_grinder
D:4:      layout_basic, enter_ossuary_5, first_ration, minmay_goblin_outpost,
          uniq_edmund
Ossuary:  ossuary_minmay_scorpions

Skill      XL: |  1  2  3  4  5  6  7  8 |
---------------+-------------------------+-----
Spellcasting   | 3 4 |  4.8
Summonings     | 5 6 |  6.3
Air Magic      | 1 2 3 |  3.5
Poison Magic   | 2 3 |  3.0
Polearms       | 1 2 3 |  3.0
Dodging        | |  1.5
Stealth        | |  3.0

Action                   |  1- 3 |  4- 6 |  7- 9 || total
-------------------------+-------+-------+-------++-------
Melee: Unarmed           |     3 |    14 |       ||    17
       Dagger            |       |   100 |       ||   100
       Trident           |       |    48 |    85 ||   133
 Cast: Summon Small Mamm |     8 |     6 |       ||    14
       Call Canine Famil |       |    19 |     8 ||    27
       Mephitic Cloud    |       |     2 |       ||     2
 Abil: Spit Poison       |    10 |    26 |     3 ||    39
  Use: Potion            |     2 |     1 |       ||     3
       Scroll            |       |    11 |     2 ||    13
 Stab: Confused          |       |     3 |       ||     3
       Sleeping          |       |     2 |     1 ||     3
       Distracted        |       |     1 |     1 ||     2
  Eat: Chunk             |       |    12 |       ||    12
       Ration            |       |       |     1 ||     1
Armor: Robe              |     3 |    35 |       ||    38
       Leather armour    |       |    17 |    34 ||    51
Dodge: Dodged            |    19 |    74 |    27 ||   120

Table legend:
 A = Non-vault XP
 B = Vault XP
 C = Vault XP percentage of total XP
 D = Non-vault monster count
 E = Vault monster count
 F = Vault count percentage of total count
                 A         B        C        D         E       F
            +---------+---------+-------+---------+---------+-------
      Total |     398 |     901 |  69.4 |      56 |      35 |  38.5
            +---------+---------+-------+---------+---------+-------
        D:1 |       8 |       0 |   0.0 |       6 |       0 |   0.0
        D:2 |     165 |      52 |  24.0 |      19 |       2 |   9.5
        D:3 |      80 |       0 |   0.0 |      26 |       0 |   0.0
        D:4 |     145 |     135 |  48.2 |       5 |       3 |  37.5
    Ossuary |       0 |     714 | 100.0 |       0 |      30 | 100.0
            +---------+---------+-------+---------+---------+-------
